 Dungeon Crawl Stone Soup version 0.25-a0-51-gc466198 (webtiles) character file.

Game seed: 1876148832542381369, levelgen mode: deterministic

149 BoppinsLewinski the Slasher (level 5, -2/32 HPs)
             Began as a Deep Elf Fighter on Oct 25, 2019.
             Killed from afar by Ijyb (8 damage)
             ... with a puff of flame
             ... on level 3 of the Dungeon.
             The game lasted 00:03:39 (2796 turns).

BoppinsLewinski the Slasher (Deep Elf Fighter)      Turns: 2796, Time: 00:03:40

Health: -2/32      AC:  6    Str: 14    XL:     5   Next: 9%
Magic:  7/7        EV: 13    Int: 13    God:
Gold:   105        SH:  0    Dex: 19    Spells: 4/4 levels left

rFire    . . .     SeeInvis .   a - +0 long sword
rCold    . . .     Gourm    .   (no shield)
rNeg     . . .     Faith    .   b - +0 scale mail
rPois    .         Spirit   .   (no helmet)
rElec    .         Reflect  .   m - scarf {cloud immunity}
rCorr    .         Harm     .   (no gloves)
MR       .....                  (no boots)
Stlth    +.........             (no amulet)
HPRegen  0.10/turn              (no ring)
MPRegen  0.10/turn              (no ring)

@: agile, very heavily drained
A: no striking features
a: no special abilities


You were on level 3 of the Dungeon.
You were not hungry.

You visited 1 branch of the dungeon, and saw 3 of its levels.

You collected 105 gold pieces.

Inventory:

Hand Weapons
 a - a +0 long sword (weapon)
Armour
 b - a +0 scale mail (worn)
 i - a +2 chain mail of poison resistance
 m - a scarf of cloud immunity (worn)
Scrolls
 c - 4 scrolls of identify {unknown}
 d - a scroll of remove curse {unknown}
 e - a scroll of noise {unknown}
 g - a scroll of enchant weapon {unknown}
 h - a scroll of enchant armour {unknown}
 j - a scroll of fog {unknown}
 l - 3 scrolls of fear {unknown}
Comestibles
 f - 2 rations


   Skills:
 + Level 3.0(0.0) Fighting
 * Level 3.3(0.1) Long Blades
 + Level 3.0(0.0) Armour
 + Level 2.3(0.0) Dodging
   Level 2.4(0.0) Shields


You had 4 spell levels left.
You didn't know any spells.
Your spell library was empty.

Dungeon Overview and Level Annotations

Branches:
Dungeon (3/15)

Altars:
Elyvilon
Gozag
Okawaru
Ru

Annotations:
D:3 Ijyb


Message History

Ye closely miss Ijyb.
Ijyb misses ye.
Ye riposte.
Ye hit Ijyb.
Ijyb be lightly wounded.
Ijyb hits ye but does nay damage.
Ye closely miss Ijyb.
Ijyb be lightly wounded.
Ijyb zaps a wand.
Tha puff o' flame hits ye!
Ye be too injured ta fight recklessly!
Ye be too injured ta fight recklessly!
It was a potion o' agility.
Ye feel agile all o' a sudd'n.
Ijyb zaps a wand.
Tha puff o' flame hits ye.
* * * LOW HITPOINT WARNIN'
* * * Ye hit Ijyb but do nay damage.
Ijyb be lightly wounded.
Unknown command.
Ye barely miss tha goblin.
Ijyb screams, "Me stronger than ye!"
Ijyb hits ye but does nay damage.
Tha goblin hits ye but does nay damage.
Ijyb zaps a wand.
Tha puff o' flame hits ye!
Ye die...

#######.#### #.#
#.# #.# #.# # #.#
##_ ####...####
......gg## #@.###
_. ##.._#
###..#######..###
#.##.........##
#..#####.#####
#.)..#'#
#######.##...#
.....(..######
#########


You could see Ijyb and a goblin.

Vanquished Creatures
  2 orc wizards
  2 adders
  2 oozes (D:2)
  A worm (D:2)
  A dart slug (D:2)
  4 leopard geckos
  4 orcs (D:3)
  4 bats
  5 giant cockroaches
  5 goblins
  8 hobgoblins
  7 kobolds
  A quokka (D:3)
  A ball python (D:2)
  2 frilled lizards
  4 rats
53 creatures vanquished.

Notes
Turn   | Place    | Note
-------+----------+-------------------------------------------
     0 | D:1      | BoppinsLewinski the Deep Elf Fighter began the quest for
                  | the Orb.
     0 | D:1      | Reached XP level 1. HP: 13/13 MP: 3/3
   426 | D:1      | Reached XP level 2. HP: 18/18 MP: 4/4
  1122 | D:2      | Found a sacrificial altar of Ru.
  1125 | D:2      | Reached skill level 1 in Dodging
  1130 | D:2      | Reached XP level 3. HP: 22/22 MP: 5/5
  1256 | D:2      | Reached XP level 4. HP: 19/27 MP: 6/6
  2444 | D:3      | Reached XP level 5. HP: 27/32 MP: 7/7
  2483 | D:3      | Found an opulent altar of Gozag.
  2784 | D:3      | Found a faded altar of an unknown god.
  2784 | D:3      | Found a white marble altar of Elyvilon.
  2789 | D:3      | Found an iron altar of Okawaru.
  2789 | D:3      | Noticed Ijyb
  2796 | D:3      | Killed from afar by Ijyb

Levels and vault maps discovered:
D:1:      dpeg_arrival_yet_another_circle, layout_basic,
          minmay_large_rounded_square
D:2:      layout_basic, nicolae_ru_great_annihilating_truth,
          chequers_serial_rivers_micro_a, palyth_stone_intersect
D:3:      layout_loops_cross, chequers_temple_overflow_minitemple,
          grunt_gozag_breadcrumbs, ebering_ghost_inner_flame, uniq_ijyb,
          uniq_natasha, uniq_sigmund

Skill      XL: |  1  2  3  4 |
---------------+-------------+-----
Long Blades    | 2 3 |  3.3
Dodging        | 1 2 |  2.3
Fighting       | 3 |  3.0
Armour         | 3 |  3.0
Shields        | |  2.4

Action                   |  1- 3 |  4- 6 || total
-------------------------+-------+-------++-------
Melee: Long sword        |    77 |   117 ||   194
  Use: Potion            |     1 |     4 ||     5
 Stab: Paralysed         |     1 |       ||     1
  Eat: Chunk             |     1 |     5 ||     6
Armor: Scale mail        |    38 |    61 ||    99
Dodge: Dodged            |    39 |    52 ||    91
       Rpst.: Long sword |    14 |    16 ||    30

Table legend:
 A = Non-vault XP
 B = Vault XP
 C = Vault XP percentage of total XP
 D = Non-vault monster count
 E = Vault monster count
 F = Vault count percentage of total count
                 A         B        C        D         E       F
            +---------+---------+-------+---------+---------+-------
      Total |     168 |      46 |  21.5 |      49 |       4 |   7.5
            +---------+---------+-------+---------+---------+-------
        D:1 |      22 |       0 |   0.0 |      14 |       0 |   0.0
        D:2 |      61 |      46 |  43.0 |      18 |       4 |  18.2
        D:3 |      85 |       0 |   0.0 |      17 |       0 |   0.0
            +---------+---------+-------+---------+---------+-------
